 Dungeon Crawl Stone Soup version 0.25-a0-857-g60a0bcd8b5 (webtiles) character file.

Game seed: 17854377398439794900, levelgen mode: deterministic

210393 Flugkiller the Bludgeoner (level 18, -13/196 HPs)
             Began as an Ogre Skald on Apr 26, 2020.
             Was a Follower of Uskayaw.
             Mangled by a faun
             ... wielding a +0 quarterstaff
             ... led by a satyr
              (28 damage)
             ... on level 3 of the Shoals.
             The game lasted 01:58:18 (56217 turns).

Flugkiller the Bludgeoner (Ogre Skald)             Turns: 56217, Time: 01:58:18

Health: -13/196    AC: 33    Str: 21    XL:     18   Next: 85%
Magic:  23/29      EV:  3    Int: 19    God:    Uskayaw [*.....]
Gold:   3255       SH:  0    Dex: 10    Spells: 18/31 levels left

rFire    + . .     SeeInvis .   w - +9 giant club
rCold    + . .     Gourm    .   (shield currently unavailable)
rNeg     . . .     Faith    .   k - +9 gold dragon scales
rPois    +         Spirit   .   P - +1 hat
rElec    .         Reflect  .   S - +0 cloak
rCorr    .         Harm     .   (gloves unavailable)
MR       ++...                  (boots unavailable)
Stlth    ..........             C - amulet of rage
HPRegen  0.00/turn              j - +3 ring of protection
MPRegen  0.21/turn              r - ring of protection from magic

@: no status effects
A: large, unfitting armour, antennae 1, claws 1, hooves 1, camouflage 1, blink,
clever 1, screaming 1, inhibited regeneration, tough skin 1, evolution 1
}: 1/15 runes: gossamer
a: Blink, Stomp, Renounce Religion, Evoke Berserk Rage


You were on level 3 of the Shoals.
You worshipped Uskayaw.
Uskayaw was aware of your devotion.
You were not hungry.

You visited 7 branches of the dungeon, and saw 33 of its levels.
You also visited: Ice Cave.

You collected 3614 gold pieces.
You spent 359 gold pieces at shops.

Inventory:

Hand Weapons
 w - a +9 giant club (weapon)
   (You took it off an ogre on level 7 of the Dungeon)
Missiles
 A - a throwing net
 G - 23 large rocks (quivered)
 R - 6 curare-tipped darts
Armour
 k - +9 gold dragon scales (worn)
   (You acquired it on level 12 of the Dungeon)
 v - a +1 robe of the Archmagi
   (You found it on level 4 of the Dungeon)
 N - a +2 robe of magic resistance
   (You took it off Erolcha on level 13 of the Dungeon)
 P - a +1 hat (worn)
   (You found it on level 4 of the Lair of Beasts)
 S - a +0 cloak (worn)
   (You found it on level 6 of the Lair of Beasts)
Jewellery
 j - a +3 ring of protection (left claw)
   (You took it off Erolcha on level 13 of the Dungeon)
 r - a ring of protection from magic (right claw)
   (You took it off an orc on level 1 of the Elven Halls)
 s - an uncursed amulet of guardian spirit
   (You found it on level 3 of the Lair of Beasts)
 B - a +3 ring of protection
   (You found it on level 10 of the Dungeon)
 C - an amulet of rage (around neck)
   (You found it on level 2 of the Shoals)
 F - an uncursed ring of protection from fire
   (You found it on level 11 of the Dungeon)
 I - an uncursed ring of flight
   (You found it on level 11 of the Dungeon)
 J - an uncursed ring of protection from cold
   (You found it on level 11 of the Dungeon)
 M - an uncursed ring of protection from cold
   (You took it off an orc warrior on level 13 of the Dungeon)
 Q - an uncursed ring of wizardry
   (You found it on level 4 of the Lair of Beasts)
 X - an uncursed ring of protection from fire
   (You found it on level 14 of the Dungeon)
Wands
 a - a wand of scattershot (1)
   (You found it on level 5 of the Lair of Beasts)
 p - a wand of flame (21)
   (You found it on level 15 of the Dungeon)
 y - a wand of acid (7)
   (You found it on level 7 of the Dungeon)
 E - a wand of clouds (3)
   (You found it on level 2 of the Spider Nest)
 K - a wand of polymorph (15)
   (You found it on level 2 of the Lair of Beasts)
 L - a wand of enslavement (10)
   (You found it on level 4 of the Spider Nest)
 Z - a wand of iceblast (16)
   (You found it on level 4 of the Spider Nest)
Scrolls
 b - 2 scrolls of silence
 g - 7 scrolls of amnesia
 h - 7 scrolls of remove curse
 l - 5 scrolls of magic mapping
 m - 9 scrolls of teleportation
 q - 6 scrolls of identify
 t - 4 scrolls of fog
 W - 3 scrolls of vulnerability
Potions
 c - 3 potions of lignification
 e - 9 potions of might
 f - 2 potions of heal wounds
 i - 5 potions of curing
 n - 2 potions of brilliance
 o - 2 potions of cancellation
 u - 5 potions of ambrosia
 x - 3 potions of flight
 z - 5 potions of stabbing
 D - a potion of mutation
 H - 4 potions of haste
 T - a potion of resistance
 Y - a potion of berserk rage
Miscellaneous
 U - a phial of floods
   (You found it on level 6 of the Lair of Beasts)
 V - a phantom mirror
Comestibles
 d - 31 rations
 O - 8 chunks of flesh


   Skills:
 - Level 16.2 Fighting
 - Level 20.0 Maces & Flails
 + Level 10.7 Armour
 - Level 5.6 Dodging
 + Level 7.3 Spellcasting
 + Level 4.8 Hexes
 + Level 7.5 Charms
 - Level 4.0 Summonings
 - Level 4.0 Air Magic
 - Level 9.0 Invocations
 - Level 4.0 Evocations


You had 18 spell levels left.
You knew the following spells:

 Your Spells              Type           Power        Failure   Level  Hunger
a - Infusion              Chrm           ####         34%         1    None
b - Shroud of Golubria    Chrm/Tloc      ###...       94%         2    None
c - Ozocubu's Armour      Chrm/Ice       ###.....     99%         3    #......
d - Spectral Weapon       Hex/Chrm       ####....     87%         3    #......
e - Summon Lightning Spi  Summ/Air       ###.....     100%        4    ###....

Your spell library contained the following spells:

 Spells                   Type           Power        Failure   Level  Hunger
 Song of Slaying          Chrm           #####...     45%         2    None
 Summon Butterflies       Summ           ###.....     82%         1    None
 Summon Small Mammal      Summ           ###.         82%         1    None
 Call Imp                 Summ           ###.....     91%         2    None
 Confusing Touch          Hex            ####....     97%         3    #......
 Summon Guardian Golem    Hex/Summ       ###.....     98%         3    #......
 Ensorcelled Hibernation  Hex/Ice        ###...       99%         2    None
 Call Canine Familiar     Summ           ###.....     99%         3    #......
 Beastly Appendage        Tmut           #.....       100%        1    None
 Magic Dart               Conj           #...         100%        1    None
 Blink                    Tloc           N/A          100%        2    None
 Searing Ray              Conj           #.....       100%        2    None
 Sticks to Snakes         Tmut           #.......     100%        2    None
 Dazzling Flash           Conj/Hex       ###...       100%        3    #......
 Gell's Gravitas          Tloc           #.........   100%        3    #......
 Lesser Beckoning         Tloc           #.........   100%        3    #......
 Spider Form              Tmut/Pois      #.........   100%        3    #......
 Teleport Other           Tloc           #.......     100%        3    #......
 Fulminant Prism          Conj/Hex       ###.......   100%        4    ###....
 Ice Form                 Ice/Tmut       #.......     100%        4    ###....
 Iskenderun's Mystic Bla  Conj/Tloc      #.......     100%        4    ###....
 Passage of Golubria      Tloc           N/A          100%        4    ###....
 Petrify                  Tmut/Erth      #.......     100%        4    ###....
 Summon Ice Beast         Ice/Summ       ##......     100%        4    ###....
 Blade Hands              Tmut           #.........   100%        5    #####..
 Borgnjor's Vile Clutch   Necr/Erth      #.........   100%        5    #####..
 Metabolic Englaciation   Hex/Ice        ###.......   100%        5    #####..
 Silence                  Hex/Air        ###.......   100%        5    #####..
 Summon Mana Viper        Hex/Summ       ###.....     100%        5    #####..
 Yara's Violent Unravell  Hex/Tmut       ###.......   100%        5    #####..
 Conjure Ball Lightning   Conj/Air       ##........   100%        6    ######.
 Darkness                 Hex            ####......   100%        6    ######.
 Shadow Creatures         Summ           N/A          100%        6    ######.
 Summon Hydra             Summ           ###.......   100%        7    #######
 Tornado                  Air            ###.......   100%        9    #######


Dungeon Overview and Level Annotations

Branches:
Dungeon (15/15)            Temple (1/1) D:7            Lair (6/6) D:8
 Shoals (3/4) Lair:4       Spider (4/4) Lair:2        Slime (0/5) Lair:5
    Orc (2/2) D:12            Elf (2/3) Orc:2        Vaults (0/5) D:14
 Depths (0/5) D:15          IceCv (visited)

Altars:
Ashenzari
Cheibriados
Dithmenos
Elyvilon
Fedhas
Gozag
Hepliaklqana
Kikubaaqudgha
Makhleb
Nemelex Xobeh
Okawaru
Qazlal
Ru
Sif Muna
Trog
Uskayaw
Vehumet
Wu Jian
Xom
Yredelemnul
Zin
The Shining One
Beogh
Jiyva

Shops:
D:5 (   D:11 :   Orc:2 ([*=   Elf:1 (

Annotations:
D:12 2 transporters
Lair:5 exclusion: hydra
Spider:1 3 runed translucent doors, Wirphim's ghost, journeyman DgEE
Spider:2 1 runed translucent door, Vieluargh's ghost, journeyman DsNe
Orc:1 3 runed translucent doors, Amnesiac's ghost, journeyman DEAE
Elf:1 Roxanne
Elf:2 3 runed translucent doors


Innate Abilities, Weirdness & Mutations

You are too large for most types of armour.
You have tough skin. (AC +1)
You have a pair of small antennae on your head.
You have sharp fingernails.
You have large cloven feet.
Your skin changes colour to match your surroundings (Stealth+).
You can translocate small distances at will.
Your mind is acute. (Int +2)
You occasionally shout uncontrollably at your foes.
You do not regenerate when monsters are visible.
You evolve.


Message History

Unknown command.
You completely miss the satyr. Your kick misses the satyr.
The satyr is lightly wounded.
The faun hits you but does no damage.
Unknown command.
You sock the satyr!
The satyr is moderately wounded.
The satyr shoots an arrow.
The arrow hits you! The faun hits you but does no damage.
You can now pass through a line of other dancers.
Unknown command.
You sock the satyr! Your kick misses the satyr.
The satyr is heavily wounded.
Unknown command.
You bludgeon the satyr!!
The satyr is almost dead.
The satyr shoots an arrow.
The arrow hits you!!
* * * LOW HITPOINT WARNING * * *
The faun hits you with a +0 spear.
* * * LOW HITPOINT WARNING * * *
The faun hits you with a +0 quarterstaff!
* * * LOW HITPOINT WARNING * * *
You completely miss the satyr. You kick the satyr.
The satyr is almost dead.
The faun hits you with a +0 spear!
* * * LOW HITPOINT WARNING * * *
You closely miss the satyr.
The satyr is almost dead.
The satyr shoots an arrow.
The arrow hits you but does no damage.
The faun hits you with a +0 quarterstaff!
* * * LOW HITPOINT WARNING * * *
You stomp with the beat, sending a shockwave through the revelers around you!
You kill the satyr!
You hear a splash. x3
The faun is heavily wounded.
The faun is moderately wounded.
You feel somewhat more hungry. The faun hits you but does no damage.
The faun hits you with a +0 quarterstaff!
* * * LOW HITPOINT WARNING * * *
Okay, then.
Unknown command.
Unknown command.
You stomp with the beat, sending a shockwave through the revelers around you!
The faun is severely wounded. x2
You feel somewhat more hungry.
You can no longer pass through a line of other dancers.
The faun hits you with a +0 spear!!
* * * LOW HITPOINT WARNING * * *
The faun hits you with a +0 quarterstaff!!
You die...

≈≈≈≈≈≈≈##.P≈≈P≈≈≈≈≈≈
...≈PP≈≈≈≈≈≈.##≈≈≈≈≈≈≈≈≈≈
...≈P≈PP≈≈≈≈≈≈P≈≈≈≈≈≈≈≈≈≈≈
...≈PPPPP≈≈≈≈≈≈≈≈≈≈≈≈≈≈≈≈≈
...≈..≈PP≈≈≈≈≈≈≈≈≈..).)≈≈≈
.[≈≈..≈≈≈≈≈≈≈≈≈≈≈..(###.≈≈
..≈≈≈≈≈≈≈≈≈≈≈≈≈PP.).###≈≈≈
..≈≈≈≈≈≈≈≈≈≈≈≈≈≈≈≈...#.≈≈≈
..≈≈≈≈..(@)≈≈≈≈≈P≈(....≈≈≈
.≈≈≈≈>..#cc.≈≈≈≈≈≈≈....≈≈≈
≈≈≈≈..###.......≈≈≈...≈≈≈≈
≈≈≈≈. #.........≈.(.≈≈≈≈
≈≈≈. #.............≈≈≈≈
... #....../.......≈≈≈ ..
##...............≈≈ .
####...............≈≈≈
#...>......)..≈≈≈≈≈≈≈≈


You could see 2 fauns.

Vanquished Creatures
  Nikola (Spider:3)
  Arachne (Spider:2)
  Rupert (Spider:1)
  Polyphemus (Shoals:3)
  Kirke (Spider:4)
  A deep elf sorcerer (Elf:1)
  5 ghost moths
  An orc warlord (Orc:2)
  The ghost of Ummegyalep the Fighter, a journeyman MiWn of Ru (Spider:4)
  6 emperor scorpions
  3 entropy weavers (Spider:4)
  A dire elephant (Lair:3)
  2 spark wasps
  A merfolk javelineer (Shoals:2)
  A merfolk impaler (Shoals:2)
  A fire dragon (D:15)
  Josephine (D:13)
  2 ettins
  A deep elf death mage (Elf:1)
  7 vault guards (D:14)
  Erolcha (D:13)
  2 hydras
  An ice dragon (D:15)
  2 catoblepae
  A merfolk aquamancer (Shoals:2)
  A merfolk avatar (Shoals:2)
  2 centaur warriors
  4 two-headed ogres
  3 satyrs
  13 dancing weapons
  A deep troll shaman (Lair:6)
  12 death yaks
  6 orc high priests
  Urug (D:13)
  7 deep elf knights
  A fire crab (Spider:4)
  8 deep elf archers
  8 orc knights
  A lindwurm (Lair:6)
  4 unseen horrors
  7 orb spiders
  A harpy (shapeshifter) (Elf:1)
  10 harpies
  A wolf spider zombie (D:13)
  23 ugly things
  A phantasmal warrior (D:13)
  2 cyclopes
  4 orc sorcerers (Orc:2)
  7 manticores
  An orb spider (shapeshifter) (Elf:1)
  20 wolf spiders
  26 deep elf magi
  3 fauns
  A shining eye (Spider:2)
  2 moths of wrath (Spider:4)
  A merfolk siren (Shoals:3)
  7 black mambas
  A centaur zombie (D:14)
  27 elephants
  A water nymph (Shoals:3)
  2 gargoyles (D:15)
  9 spiny frogs
  3 komodo dragons
  7 torpor snails
  2 rime drakes
  20 demonic crawlers
  2 efreet (D:13)
  30 jumping spiders
  A queen bee (shapeshifter) (Spider:3)
  4 trolls
  4 red devils (Elf:2)
  A wind drake (Shoals:1)
  Grinder (D:6)
  2 polar bears
  8 hornets
  Prince Ribbit (Lair:2)
  12 merfolk
  4 snapping turtles
  3 slime creatures
  12 blink frogs
  11 hippogriffs
  3 air elementals (Elf:1)
  2 spriggans
  4 wraiths
  64 redbacks
  20 tarantellas
  30 yaks
  A human (Spider:4)
  4 wyverns
  4 basilisks
  12 water elementals
  4 hogs
  A hungry ghost (Shoals:3)
  Grum (D:10)
  A fire elemental (Elf:2)
  A golden eye (Spider:3)
  5 vampire mosquitoes
  Menkaure (D:6)
  8 wargs
  Duvessa (D:5)
  7 water moccasins
  2 acid dragons
  8 porcupines
  2 sky beasts
  A black bear (Spider:2)
  A necrophage (D:13)
  27 orc warriors
  4 phantoms
  2 eyes of draining
  6 wolves
  9 ice beasts
  18 centaurs
  10 crocodiles
  14 ogres
  3 big kobolds
  11 bullfrogs
  4 earth elementals
  A wyvern zombie (D:10)
  7 scorpions
  Dowan (D:5)
  8 wights
  3 electric eels
  5 howler monkeys
  2 nameless horrors (D:13)
  A quasit (D:10)
  2 bullfrog zombies
  13 crimson imps
  10 orc priests
  2 jellies
  3 bullfrog skeletons
  A hound (D:7)
  8 centaur skeletons
  6 iguanas
  24 orc wizards
  9 worker ants
  2 hound zombies
  A hound skeleton (D:8)
  Robin (D:3)
  A howler monkey skeleton (D:6)
  A worker ant zombie (D:10)
  7 adders
  9 shadow imps
  An ooze (D:2)
  2 adder skeletons
  2 worms
  A dart slug (D:3)
  3 leopard geckos
  61 orcs
  7 bats
  3 giant cockroaches
  14 goblins
  7 hobgoblins
  8 jackals
  19 kobolds
  5 quokkas
  2 ball pythons
  A ball python skeleton (D:6)
  6 frilled lizards
  5 hobgoblin zombies (D:6)
  A kobold skeleton (D:6)
  A leopard gecko skeleton (D:4)
  An orc skeleton (D:6)
  9 rats
986 creatures vanquished.

Vanquished Creatures (collateral kills)
  2 orc sorcerers
  A wraith (D:13)
  A bullfrog (D:13)
  An orc wizard (Orc:2)
  An orc (D:13)
6 creatures vanquished.

Vanquished Creatures (others)
  A deep elf sorcerer (Elf:2)
  An orb spider (Spider:4)
  A human (Spider:4)
  A water moccasin (D:13)
  An ice beast (D:7)
  70 fungi
  31 plants
  18 spectral weapons
124 creatures vanquished.

Grand Total: 1116 creatures vanquished

Notes
Turn   | Place    | Note
-------+----------+-------------------------------------------
     0 | D:1      | Flugkiller the Ogre Skald began the quest for the Orb.
     0 | D:1      | Reached XP level 1. HP: 22/22 MP: 3/3
   270 | D:1      | Reached XP level 2. HP: 29/31 MP: 3/5
   286 | D:1      | Learned a level 2 spell: Shroud of Golubria
   975 | D:2      | Reached XP level 3. HP: 28/37 MP: 1/7
  1149 | D:2      | Learned a level 3 spell: Ozocubu's Armour
  1746 | D:2      | Reached XP level 4. HP: 46/46 MP: 8/8
  2501 | D:3      | Noticed Robin
  2618 | D:3      | Killed Robin
  2622 | D:3      | Reached XP level 5. HP: 50/53 MP: 3/9
  2775 | D:3      | Learned a level 3 spell: Spectral Weapon
  3263 | D:3      | Reached skill level 1 in Hexes
  3444 | D:4      | Noticed an ogre
  3456 | D:4      | Killed an ogre
  3456 | D:4      | Reached skill level 5 in Charms
  3456 | D:4      | Reached XP level 6. HP: 63/63 MP: 4/10
  4041 | D:4      | Reached skill level 5 in Fighting
  4041 | D:4      | Reached skill level 2 in Maces & Flails
  4332 | D:4      | Reached skill level 3 in Maces & Flails
  4334 | D:4      | Reached XP level 7. HP: 68/72 MP: 6/11
  4555 | D:5      | Entered Level 5 of the Dungeon
  4735 | D:5      | Noticed Dowan
  4735 | D:5      | Noticed Duvessa
  4801 | D:5      | Found a shimmering blue altar of Sif Muna.
  4802 | D:5      | Found a white marble altar of Elyvilon.
  4802 | D:5      | Found a sparkling altar of Nemelex Xobeh.
  4825 | D:5      | Found Couc's Antique Weapon Shoppe.
  5136 | D:5      | Found a sparkling altar of Nemelex Xobeh.
  5202 | D:5      | Killed Duvessa
  5202 | D:5      | Reached skill level 4 in Maces & Flails
  5206 | D:5      | Killed Dowan
  5480 | D:5      | Reached skill level 5 in Maces & Flails
  5734 | D:6      | Reached XP level 8. HP: 72/80 MP: 8/12
  5855 | D:6      | Noticed Menkaure
  6300 | D:6      | Killed Menkaure
  6300 | D:6      | Reached skill level 6 in Maces & Flails
  6738 | D:6      | Found a glowing golden altar of the Shining One.
  6743 | D:6      | Reached skill level 7 in Maces & Flails
  6996 | D:6      | You fall into a shaft and drop 2 floors!
  7000 | D:8      | Found a staircase to the Lair.
  7397 | D:7      | Found a staircase to the Ecumenical Temple.
  7406 | Temple   | Entered the Ecumenical Temple
  7491 | Temple   | Became a worshipper of Uskayaw the Reveler
  7636 | D:7      | Reached * piety under Uskayaw
  7657 | D:6      | Noticed Grinder
  7662 | D:6      | Reached ** piety under Uskayaw
  7665 | D:6      | Killed Grinder
  7665 | D:6      | Reached skill level 8 in Maces & Flails
  7665 | D:6      | Reached XP level 9. HP: 43/92 MP: 1/13
  7665 | D:6      | Reached *** piety under Uskayaw
  8686 | D:7      | Reached **** piety under Uskayaw
  8691 | D:7      | Reached ***** piety under Uskayaw
  9714 | D:8      | Noticed a two-headed ogre
  9815 | D:8      | Reached skill level 9 in Maces & Flails
 10322 | D:8      | Killed a two-headed ogre
 10631 | D:8      | Found a shattered altar of Ashenzari.
 10698 | D:8      | Reached XP level 10. HP: 105/106 MP: 16/16
 11128 | D:9      | Reached skill level 10 in Maces & Flails
 12126 | D:10     | Entered Level 10 of the Dungeon
 12195 | D:10     | Noticed a two-headed ogre
 12227 | D:10     | Killed a two-headed ogre
 12752 | D:10     | Got a slimy flail
 12864 | D:10     | Identified the +10 flail of Disembowelment {freeze, rElec
                  | rPois rC++ Dex-4} (You found it on level 10 of the Dungeon)
 12901 | D:10     | Reached skill level 10 in Fighting
 12913 | D:10     | Reached skill level 11 in Maces & Flails
 13181 | D:10     | Noticed Grum
 13193 | D:10     | Killed Grum
 13445 | D:10     | Noticed a two-headed ogre
 13453 | D:10     | Killed a two-headed ogre
 13453 | D:10     | Reached XP level 11. HP: 90/119 MP: 13/17
 13570 | D:10     | Noticed a cyclops
 14406 | D:10     | Killed a cyclops
 14786 | D:10     | Reached skill level 12 in Maces & Flails
 15117 | D:11     | Gained mutation: You evolve. [potion of mutation]
 15117 | D:11     | Gained mutation: You are clumsy. (Dex -2) [potion of
                  | mutation]
 15117 | D:11     | Gained mutation: Your skin changes colour to match your
                  | surroundings (Stealth+). [potion of mutation]
 15259 | D:11     | Noticed a white ugly thing
 15273 | D:11     | Killed a white ugly thing
 15418 | D:11     | Found Okorocy's Book Shoppe.
 15861 | D:11     | Gained mutation: Your mind is acute. (Int +2) [evolution]
 15993 | Lair:1   | Entered Level 1 of the Lair of Beasts
 16057 | Lair:1   | Found a frozen archway.
 16081 | IceCv    | Entered an ice cave
 16081 | IceCv    | Noticed a white ugly thing
 16089 | IceCv    | Killed a white ugly thing
 16102 | IceCv    | Found a transporter.
 16196 | IceCv    | Noticed a white ugly thing
 17002 | Lair:2   | Reached skill level 13 in Maces & Flails
 17638 | Lair:2   | Reached XP level 12. HP: 132/133 MP: 12/18
 17639 | Lair:2   | Found a hole to the Spider Nest.
 17680 | Lair:2   | Noticed Prince Ribbit
 17682 | Lair:2   | Noticed an eight-headed hydra
 17693 | Lair:2   | Killed an eight-headed hydra
 17704 | Lair:2   | Killed Prince Ribbit
 18313 | Lair:2   | Gained mutation: Your body sometimes deteriorates upon
                  | taking damage. [evolution]
 18347 | Lair:3   | You fall into a shaft and drop 3 floors!
 18347 | Lair:6   | Entered Level 6 of the Lair of Beasts
 18533 | Lair:4   | Reached skill level 14 in Maces & Flails
 18559 | Lair:4   | Found a staircase to the Shoals.
 18830 | Lair:4   | Noticed an eight-headed hydra
 18864 | Lair:4   | Reached skill level 1 in Invocations
 19198 | Lair:3   | Reached skill level 5 in Invocations
 19622 | Lair:3   | Reached XP level 13. HP: 138/144 MP: 15/19
 19900 | Lair:3   | Learned a level 4 spell: Summon Lightning Spire
 19960 | Lair:3   | Reached skill level 5 in Spellcasting
 19974 | Lair:3   | Reached skill level 1 in Summonings
 19974 | Lair:3   | Reached skill level 1 in Air Magic
 19979 | Lair:3   | Noticed a dire elephant
 20080 | Lair:3   | Killed a dire elephant
 21064 | Lair:5   | Found a viscous altar of Jiyva.
 21064 | Lair:5   | Found a staircase to the Slime Pits.
 21189 | Lair:5   | Reached skill level 1 in Evocations
 22401 | Lair:6   | Noticed Sonja
 22402 | Lair:6   | Noticed Sonja
 22402 | Lair:6   | Sonja changed into Sonja the troll
 22409 | Lair:6   | Killed Sonja the troll
 23533 | Lair:6   | Reached XP level 14. HP: 62/156 MP: 15/21
 24659 | Lair:6   | Reached skill level 15 in Maces & Flails
 25477 | D:12     | Identified a scroll of acquirement
 25477 | D:12     | Identified the +8 dire flail of Articulation {drain, rF+
                  | MR+ Str+5 Stlth+} (You acquired it on level 12 of the
                  | Dungeon)
 25546 | D:12     | Found an opulent altar of Gozag.
 26262 | D:12     | Found a staircase to the Orcish Mines.
 26290 | D:12     | Found a roughly hewn altar of Beogh.
 26423 | D:12     | Found a transporter.
 26468 | D:12     | Found a transporter.
 26898 | D:13     | Noticed Josephine
 26913 | D:13     | Killed Josephine
 27233 | D:13     | Noticed Erolcha
 27759 | D:13     | Reached skill level 15 in Fighting
 28175 | D:13     | Killed Erolcha
 28264 | D:13     | Noticed Urug
 28622 | D:12     | Lost mutation: Your body sometimes deteriorates upon taking
                  | damage. [potion of mutation]
 28622 | D:12     | Lost mutation: You are clumsy. (Dex -2) [potion of
                  | mutation]
 28622 | D:12     | Gained mutation: You occasionally shout uncontrollably at
                  | your foes. [potion of mutation]
 28622 | D:12     | Gained mutation: You rapidly evolve. [potion of mutation]
 29209 | D:13     | Killed Urug
 30888 | D:14     | Lost mutation: You rapidly evolve. [decline of evolution]
 31039 | D:14     | Reached skill level 16 in Maces & Flails
 31456 | D:14     | Reached XP level 15. HP: 162/168 MP: 14/22
 31672 | D:14     | Found a gate to the Vaults.
 32244 | D:15     | Entered Level 15 of the Dungeon
 33536 | D:15     | Reached skill level 1 in Armour
 33858 | D:15     | Found a staircase to the Depths.
 34430 | D:15     | Reached skill level 17 in Maces & Flails
 34806 | Orc:1    | Entered Level 1 of the Orcish Mines
 35249 | Orc:1    | Found a runed translucent gate.
 35249 | Orc:1    | Found a runed translucent gate.
 35249 | Orc:1    | Found a runed translucent gate.
 35275 | Orc:1    | Noticed Amnesiac's ghost (journeyman DEAE)
 35333 | Orc:2    | Entered Level 2 of the Orcish Mines
 36152 | Orc:2    | Found a staircase to the Elven Halls.
 36206 | Orc:2    | Found Anour's Jewellery Boutique.
 36299 | Orc:2    | Found Siatob's General Store.
 36300 | Orc:2    | Noticed an orc warlord
 36470 | Orc:2    | Killed an orc warlord
 37022 | Orc:2    | Found Rinuh's Antique Armour Shoppe.
 37202 | Orc:2    | Reached XP level 16. HP: 139/179 MP: 21/23
 37394 | Orc:2    | Found Rieq's Antique Weapon Emporium.
 38819 | Orc:2    | Bought a scroll of enchant armour for 112 gold pieces
 38998 | Spider:1 | Entered Level 1 of the Spider Nest
 38998 | Spider:1 | Noticed Rupert
 39020 | Spider:1 | Killed Rupert
 39020 | Spider:1 | Reached skill level 5 in Dodging
 39211 | Spider:1 | Found a runed translucent gate.
 39211 | Spider:1 | Found a runed translucent gate.
 39211 | Spider:1 | Found a runed translucent gate.
 39217 | Spider:1 | Noticed Wirphim's ghost (journeyman DgEE)
 40988 | Spider:2 | Noticed Arachne
 41013 | Spider:2 | Killed Arachne
 41018 | Spider:2 | Reached skill level 18 in Maces & Flails
 41398 | Spider:2 | Gained mutation: You do not regenerate when monsters are
                  | visible. [a shining eye]
 41622 | Spider:2 | Found a runed translucent door.
 41623 | Spider:2 | Found a shimmering altar of Xom.
 41624 | Spider:2 | Noticed Vieluargh's ghost (journeyman DsNe)
 42255 | Spider:2 | Reached skill level 5 in Armour
 42519 | Spider:3 | Noticed Nikola
 42524 | Spider:3 | Killed Nikola
 43696 | Spider:3 | Gained mutation: You have large cloven feet. [evolution]
 44518 | Spider:4 | Entered Level 4 of the Spider Nest
 45597 | Spider:3 | Reached XP level 17. HP: 84/187 MP: 12/24
 46543 | Spider:4 | Reached skill level 19 in Maces & Flails
 46962 | Spider:4 | Noticed Kirke
 46973 | Spider:4 | Killed Kirke
 48316 | Spider:4 | Gained mutation: You have sharp fingernails. [evolution]
 49340 | Spider:4 | Got a gossamer rune of Zot
 49983 | Spider:4 | Found a runed translucent gate.
 49983 | Spider:4 | Found a runed translucent gate.
 49983 | Spider:4 | Found a runed translucent gate.
 49986 | Spider:4 | Noticed Ummegyalep's ghost (journeyman MiWn)
 50299 | Spider:4 | Killed Ummegyalep's ghost
 50540 | Elf:1    | Entered Level 1 of the Elven Halls
 50773 | Elf:1    | Reached skill level 20 in Maces & Flails
 50779 | Elf:1    | Reached ****** piety under Uskayaw
 51176 | Elf:1    | Reached XP level 18. HP: 196/196 MP: 25/25
 51227 | Elf:1    | Found Radune's Antique Weapon Boutique.
 51241 | Elf:1    | Bought a faintly glowing longbow for 247 gold pieces
 51241 | Elf:1    | Identified the +5 longbow of Descent {venom, Fragile rElec
                  | rPois rC+} (You bought it in a shop on level 1 of the Elven
                  | Halls)
 51256 | Elf:1    | Gained mutation: You have a pair of small antennae on your
                  | head. [evolution]
 51627 | Elf:1    | Reached skill level 10 in Armour
 51727 | Elf:1    | Identified Roxanne's Grimoire of Stones
 51727 | Elf:1    | Noticed Roxanne
 52353 | Elf:2    | Found a runed translucent gate.
 52353 | Elf:2    | Found a runed translucent gate.
 52353 | Elf:2    | Found a runed translucent gate.
 52923 | Shoals:1 | Entered Level 1 of the Shoals
 53082 | Shoals:1 | Gained mutation: You can translocate small distances at
                  | will. [evolution]
 53321 | Shoals:1 | Found the +8 demon blade "Leech" {vamp, *Rage +Rage rN+}
 53539 | Shoals:1 | Found a snail-covered altar of Cheibriados.
 55398 | Shoals:3 | Noticed Polyphemus
 55806 | Shoals:3 | Killed Polyphemus
 56217 | Shoals:3 | Mangled by a faun

Levels and vault maps discovered:
D:1:      dpeg_arrival_simpleton_a, layout_basic, minivault_27
D:2:      layout_basic, first_ration, minmay_heptomino_l4
D:3:      layout_basic, uniq_robin
D:4:      layout_rooms
D:5:      layout_loops_ring, chequers_temple_overflow_statue_of_worship,
          serial_shops, kennysheep_little_box, nemelex_diamond_rough_becter,
          uniq_duvessa
D:6:      layout_loops_cross, nicolae_tso_besieged_by_evil, uniq_grinder,
          uniq_menkaure
D:7:      layout_basic, lemuel_temple_firewalk_b
D:8:      minmay_evil_eye, layout_basic, evilmike_ruin_ashenzari,
          dpeg_oklobed_lair
D:9:      layout_irregular_city
D:10:     layout_rooms, uniq_grum
D:11:     layout_roguey, serial_shops, shop
D:12:     gammafunk_worm_tunnel, layout_basic, minmay_orc_entry_temple_small,
          nicolae_gozag_cash_rules_everything_around_me
D:13:     minmay_mutant_horseshoe, layout_basic, hangedman_stone_soup,
          hangedman_decor_diamond_cutter, minmay_misc_feat_rugged,
          minmay_the_grid_square_5x5_3x3_mashed
          [minmay_the_grid_square_5x5_detours,
          minmay_the_grid_square_5x5_hollow_slash,
          minmay_the_grid_square_5x5_three, minmay_the_grid_square_5x5_tie,
          minmay_the_grid_square_5x5_megaprize_hollow,
          minmay_the_grid_square_5x5_shuriken,
          minmay_the_grid_square_5x5_checkered,
          minmay_the_grid_square_5x5_inner_z,
          minmay_the_grid_square_5x5_spiral_small], uniq_urug, uniq_erolcha,
          uniq_josephine
D:14:     layout_long_grid, erik_vaults_2, minmay_hedge_maze
D:15:     grunt_enter_depths_hoard, layout_basic, minivault_23
Temple:   minmay_crystal_spiral_temple
Lair:1:   layout_cave_pods, portal_ice_cave_entry_pillars_1
Lair:2:   layout_roguey, spider_nest_entry_webs, uniq_prince_ribbit2
Lair:3:   mu_elephants_graveyard, layout_loops_ring, serial_bayou_pond_d,
          lemuel_fruit_tree, serial_bayou_shore_a
Lair:4:   layout_hall_layers, minmay_shoals_entry_centaurs,
          chequers_serial_rivers_micro_c
Lair:5:   layout_gridlike, slime_altar_1
Lair:6:   grunt_lair_end_beastmaster, layout_long_grid, serial_bayou_pond_b,
          uniq_sonja
Shoals:1: layout_shoals, lemuel_altar_in_water
Shoals:2: layout_shoals
Shoals:3: layout_shoals, ebering_ghost_davey_jones, nicolae_shoals_so_close,
          uniq_louise, uniq_ilsuiw, uniq_polyphemus
Spider:1: layout_spider_delve, gammafunk_ghost_necromancy, drop_trap,
          einodemon_crawler_minivault, uniq_rupert
Spider:2: layout_spider_delve, ebering_ghost_xom, uniq_arachne
Spider:3: layout_spider_delve, worms_lemuel, uniq_nikola
Spider:4: johnstein_spider_rune_arachne_lair, ebering_ghost_rock_garden,
          uniq_kirke
Orc:1:    layout_caves, gammafunk_ghost_necromancy
Orc:2:    grunt_orc_gardens, layout_caves, grunt_orc_garden, grunt_orc_garden,
          grunt_orc_garden, grunt_orc_garden, guppyfry_library_mini
Elf:1:    eino_elf_arrival_shootout, layout_onion_city, serial_shops,
          nicolae_shop_overgrown_old_shop, minivault_28, uniq_roxanne
Elf:2:    layout_geoelf_diagonals, einodemon_armed_red_devil_minivault

Skill      XL: |  1  2  3  4  5  6  7  8  9 10 11 12 13 14 15 16 17 18 |
---------------+-------------------------------------------------------+-----
Fighting       | 3 4 5 6 8 10 12 13 14 15 16 | 16.2
Charms         | 3 4 5 6 7 |  7.5
Spellcasting   | 3 4 5 7 |  7.3
Hexes          | 2 4 |  4.8
Maces & Flails | 3 5 8 9 11 13 14 16 17 18 20 | 20.0
Invocations    | 7 9 |  9.0
Summonings     | 4 |  4.0
Air Magic      | 4 |  4.0
Evocations     | 4 |  4.0
Armour         | 3 6 9 10 | 10.7
Dodging        | 4 5 |  5.6

Action                   |  1- 3 |  4- 6 |  7- 9 | 10-12 | 13-15 | 16-18 || total
-------------------------+-------+-------+-------+-------+-------+-------++-------
Melee: Mace              |    69 |       |       |       |       |       ||    69
       Whip              |    37 |   169 |   396 |   122 |       |       ||   724
       Flail             |       |       |       |   300 |   540 |     1 ||   841
       Giant club        |       |       |       |       |   351 |  1363 ||  1714
       Kick              |       |       |       |       |       |   225 ||   225
 Cast: Infusion          |    13 |    12 |    35 |    12 |     2 |       ||    74
       Shroud of Golubri |     2 |     6 |    10 |    45 |    51 |     1 ||   115
       Spectral Weapon   |       |     2 |     9 |    43 |    73 |     3 ||   130
       Ozocubu's Armour  |       |       |     2 |     7 |    13 |       ||    22
       Summon Lightning  |       |       |       |       |    17 |     1 ||    18
Invok: Stomp             |       |       |       |     1 |     1 |     7 ||     9
       Grand Finale      |       |       |       |       |       |     1 ||     1
 Abil: Evoke Berserk Rag |       |       |       |       |       |     1 ||     1
Evoke: Wand              |       |       |     1 |     7 |    17 |    33 ||    58
       Phial of floods   |       |       |       |       |     2 |     1 ||     3
  Use: Scroll            |     2 |     3 |     6 |    13 |    19 |    18 ||    61
       Potion            |       |       |     1 |     2 |     5 |     3 ||    11
 Stab: Sleeping          |       |       |     1 |       |     5 |       ||     6
       Paralysed         |       |       |     4 |    24 |    35 |    74 ||   137
       Distracted        |       |       |       |       |     4 |       ||     4
  Eat: Chunk             |     3 |     7 |    10 |    11 |    26 |    30 ||    87
       Ration            |       |     1 |     3 |     7 |    11 |    11 ||    33
Armor: Robe              |    37 |    36 |    52 |    85 |   186 |     4 ||   400
       Gold dragon scale |       |       |       |       |       |  1932 ||  1932
Dodge: Dodged            |    68 |    85 |   127 |   154 |   267 |   187 ||   888
Block: Other             |       |       |    12 |       |       |       ||    12
       Reflection        |       |       |     1 |       |       |       ||     1

Table legend:
 A = Non-vault XP
 B = Vault XP
 C = Vault XP percentage of total XP
 D = Non-vault monster count
 E = Vault monster count
 F = Vault count percentage of total count
                 A         B        C        D         E       F
            +---------+---------+-------+---------+---------+-------
      Total |  187662 |  118321 |  38.7 |     734 |     258 |  26.0
            +---------+---------+-------+---------+---------+-------
        D:1 |      24 |       0 |   0.0 |      15 |       0 |   0.0
        D:2 |      68 |      11 |  13.9 |      25 |       5 |  16.7
        D:3 |      96 |      32 |  25.0 |      19 |      10 |  34.5
        D:4 |     388 |       0 |   0.0 |      14 |       0 |   0.0
        D:5 |     231 |     229 |  49.8 |       8 |       2 |  20.0
        D:6 |     618 |     473 |  43.4 |      25 |      10 |  28.6
        D:7 |     831 |       0 |   0.0 |      20 |       0 |   0.0
        D:8 |    1577 |     162 |   9.3 |      18 |       4 |  18.2
        D:9 |    1171 |       0 |   0.0 |      16 |       0 |   0.0
       D:10 |    6246 |     427 |   6.4 |      38 |       3 |   7.3
       D:11 |    2368 |       0 |   0.0 |      16 |       0 |   0.0
       D:12 |    3303 |     352 |   9.6 |      24 |       7 |  22.6
       D:13 |    3802 |    8294 |  68.6 |      22 |      23 |  51.1
       D:14 |   11926 |    6026 |  33.6 |      34 |       7 |  17.1
       D:15 |   12598 |    2057 |  14.0 |      45 |       2 |   4.3
     Lair:1 |     846 |       0 |   0.0 |       5 |       0 |   0.0
     Lair:2 |    2852 |    1014 |  26.2 |      13 |       4 |  23.5
     Lair:3 |     984 |    9660 |  90.8 |       6 |      19 |  76.0
     Lair:4 |    6574 |     572 |   8.0 |      24 |       5 |  17.2
     Lair:5 |    4880 |     896 |  15.5 |      13 |       1 |   7.1
     Lair:6 |   10144 |    9762 |  49.0 |      27 |      21 |  43.8
   Shoals:1 |    7073 |       0 |   0.0 |      17 |       0 |   0.0
   Shoals:2 |   13781 |    1740 |  11.2 |      29 |       2 |   6.5
   Shoals:3 |    4178 |    4356 |  51.0 |       8 |       4 |  33.3
   Spider:1 |   10511 |    4111 |  28.1 |      35 |       6 |  14.6
   Spider:2 |    7642 |    3776 |  33.1 |      25 |       1 |   3.8
   Spider:3 |   20880 |    8706 |  29.4 |      55 |      12 |  17.9
   Spider:4 |   11883 |   30682 |  72.1 |      32 |      47 |  59.5
      Orc:1 |    2181 |    1515 |  41.0 |       8 |       3 |  27.3
      Orc:2 |    4275 |    9923 |  69.9 |      35 |      30 |  46.2
      Elf:1 |   18343 |    9198 |  33.4 |      37 |      17 |  31.5
      Elf:2 |   15388 |    3022 |  16.4 |      26 |       6 |  18.8
      IceCv |       0 |    1325 | 100.0 |       0 |       7 | 100.0
            +---------+---------+-------+---------+---------+-------
